 Dungeon Crawl Stone Soup version 0.28.0-45-g0d030f2227 (webtiles) character file.

Game seed: 6775843775443875510

15 thiscave3701365 the Insei (level 2, -1/22 HPs)
             Began as a Djinni Transmuter on Apr 18, 2022.
             Slain by a goblin
             ... wielding a +0 dagger
              (3 damage)
             ... on level 1 of the Dungeon.
             The game lasted 00:01:11 (1344 turns).

thiscave3701365 the Insei (Djinni Transmuter)       Turns: 1344, Time: 00:01:12

Health: -1/22      AC:  2    Str:  9    XL:     2   Next: 65%
Gold:   8          EV: 12    Int: 14    God:
                   SH:  0    Dex: 13

rFire   + + .      SeeInvis .     - Unarmed
rCold   x . .      Faith    .   (no shield)
rNeg    . . .      Spirit   .   a - +0 robe
rPois   ∞          Reflect  .   (no helmet)
rElec   .          Harm     .   (no cloak)
rCorr   .          Rampage  .   (no gloves)
Will    .....                   (boots unavailable)
Stlth   +.........              (no amulet)
HPRegen 0.07/turn               (no ring)
MPRegen 0.00/turn               (no ring)

@: wereblooded, flying, very slightly contaminated
A: sickness immunity, fire resistance 2, cold vulnerability 1, float, innate
caster, HP casting, extra vitality 1
a: no special abilities


You were on level 1 of the Dungeon.
You visited 1 branch of the dungeon, and saw 1 of its levels.

You collected 8 gold pieces.

Inventory:

Armour
 a - a +0 robe (worn)
Potions
 b - 2 potions of curing {unknown}
 c - a potion of mutation {unknown}
 d - a potion of degeneration {unknown}


   Skills:
 + Level 1.4 Fighting
 + Level 2.5 Dodging
 + Level 3.2 Unarmed Combat
 + Level 1.7 Spellcasting


You couldn't memorise any spells.
You knew the following spells:

 Your Spells              Type           Power      Damage    Failure   Level
a - Beastly Appendage     Tmut           12%        N/A       12%         1
b - Wereblood             Tmut           6%         N/A       19%         2
c - Spider Form           Tmut/Pois      6%         N/A       34%         3
d - Ice Form              Ice/Tmut       6%         N/A       75%         4
Your spell library was empty.

Dungeon Overview and Level Annotations

Branches:
Dungeon (1/15)

Altars:


Innate Abilities, Weirdness & Mutations

You are immune to sickness and miasma.
You are immune to poison.
Your flesh is very heat resistant. (rF++)
You are vulnerable to cold. (rC-)
You float through the air rather than walking.
You learn spells naturally, not from books.
Your magical power is your life essence.
You have superior vitality. (+4 MHP)


Message History

The endoplasm is lightly wounded.
The goblin hits you with a +0 dagger. The endoplasm barely misses you.
Unknown command.
There are monsters nearby!
You hit the endoplasm.
You kill the endoplasm!
The goblin barely misses you. The hobgoblin hits you.
You are too injured to fight recklessly!
Unknown command.
You are too injured to fight recklessly!
You are too injured to fight recklessly!
You are too injured to fight recklessly!
You are too injured to fight recklessly!
You are too injured to fight recklessly!
Sorry, you're not good enough to have a special ability.
Sorry, you're not good enough to have a special ability.
Unknown command.
Sorry, you're not good enough to have a special ability.
Casting: Beastly Appendage (safe; 12% risk of failure)
Confirm with . or Enter, or press ? or * to list all spells.
Your blood is infused with primal strength.
The goblin closely misses you. The hobgoblin barely misses you. x2
Casting: Wereblood (safe; 19% risk of failure)
Confirm with . or Enter, or press ? or * to list all spells.
You miscast Wereblood.
You are very lightly contaminated with residual magic.
Nothing appears to happen.
The goblin hits you with a +0 dagger.
* * * LOW HITPOINT WARNING * * *
The hobgoblin hits you but does no damage.
The hobgoblin hits you.
* * * LOW HITPOINT WARNING * * *
You barely miss the hobgoblin. The goblin barely misses you.
The hobgoblin misses you. The hobgoblin barely misses you.
You hit the hobgoblin but do no damage. The goblin hits you with a +0 dagger.
* * * LOW HITPOINT WARNING * * *
The hobgoblin barely misses you.
You hit the hobgoblin.
The hobgoblin is heavily wounded.
The hobgoblin barely misses you. The goblin hits you with a +0 dagger.
You die...

########## #........#
#........#########
#####........#.......###
................@g......
#####........#..gg...... #
#........#..####.... #
##.......##.# ...#########
#.......##.# .........##
#.......##.# .........##
#.......##.# .........##
#.......##.# .........##
######.......##.####...........##


You could see 2 hobgoblins and a goblin.

Vanquished Creatures
  3 bats (D:1)
  2 endoplasms (D:1)
  3 goblins (D:1)
  2 ball pythons (D:1)
  A frilled lizard (D:1)
  2 kobolds (D:1)
  2 rats (D:1)
15 creatures vanquished.

Notes
Turn   | Place    | Note
-------+----------+-------------------------------------------
     0 | D:1      | thiscave3701365 the Djinni Transmuter began the quest for
                  | the Orb.
     0 | D:1      | Reached XP level 1. HP: 17/17 MP: 0/0
   459 | D:1      | Found a faded altar of an unknown god.
   528 | D:1      | Reached XP level 2. HP: 12/22 MP: 0/0
  1344 | D:1      | Slain by a goblin

Illustrated notes

Levels and vault maps discovered:
D:1:      dpeg_arrival_central, layout_basic, shapermc_ecumenical_altar_venn

Action                   || total
-------------------------++-------
Melee: Unarmed           ||    54
       Punch             ||     2
 Cast: Beastly Appendage ||     2
       Wereblood         ||     1
Armor: Robe              ||    12
Dodge: Dodged            ||    44
